 Dungeon Crawl Stone Soup version 0.27-a0-1147-gb3d8e82157 (webtiles) character file.

Game seed: 7654669874840540909

3692 st0uf the Insei (level 9, -8/75 HPs)
             Began as a Yellow Draconian Transmuter on May 11, 2021.
             Was an Initiate of Ashenzari.
             Killed by divine providence
             ... invoked by a meliai
              (13 damage)
             ... on level 8 of the Dungeon.
             The game lasted 00:46:23 (9711 turns).

st0uf the Insei (Yellow Draconian Transmuter)       Turns: 9711, Time: 00:46:26

Health: -8/75      AC:  8    Str: 12    XL:     9   Next: 90%
Magic:  16/16      EV: 13    Int: 23    God:    Ashenzari [......]
Gold:   298        SH:  0    Dex: 12    Spells: 12/18 levels left

rFire    . . .     SeeInvis .     - Unarmed
rCold    . . .     Faith    .   (no shield)
rNeg     . . .     Spirit   .   (armour unavailable)
rPois    .         Reflect  .   (helmet currently unavailable)
rElec    .         Harm     .   i - +0 cloak
rCorr    +         Rampage  .   (no gloves)
Will     .....                  (boots currently unavailable)
Stlth    +++.......             (no amulet)
HPRegen  0.22/turn              w - ring of the Profound Sun {Int+6, Bglg, Range} (curse)
MPRegen  0.15/turn              (no ring)

@: lethally poisoned (-8 -> -35), short of breath, appendages
A: horns 2, talons 2, spit acid, AC +7, unfitting armour, cold-blooded, acid
resistance
a: Breathe Acid, End Transformation, Renounce Religion, Curse Item, Shatter the
Chains


You were on level 8 of the Dungeon.
You worshipped Ashenzari.
Ashenzari was noncommittal.
You had temporarily grown beastly horns and talons.
You visited 1 branch of the dungeon, and saw 8 of its levels.
You also visited: Ossuary.

You collected 298 gold pieces.

Inventory:

Hand Weapons
 n - the +4 flail of the Desert {elec, rElec}
   (You found it on level 4 of the Dungeon)

   Occasionally, upon striking a foe, it can discharge electrical energy and
   cause terrible harm.
   It insulates you from electricity.
 x - the +6 battleaxe of the Reaper {venom, +Blink rPois}
   (You found it on level 7 of the Dungeon)

   It poisons the flesh of those it strikes.
   It protects you from poison.
   It lets you blink.
Missiles
 o - 21 poisoned darts (quivered)
Armour
 f - a +0 pair of boots (melded)
 i - a +0 cloak (worn)
 l - a +0 kite shield
Jewellery
 w - the cursed ring of the Profound Sun (left hand) {Int+6, Bglg, Range}
   (You found it on level 7 of the Dungeon)

   [ring of intelligence]

   It affects your intelligence (+6).
   It has a curse which improves the following skills: Beguiling: Conjurations,
   Hexes and Translocations.
   Ranged Combat: Slings, Bows, Crossbows and Throwing.
Wands
 e - a wand of acid (7)
 p - a wand of charming (3)
 y - a wand of flame (15)
Scrolls
 a - a scroll of silence
 g - 3 scrolls of immolation
 h - a scroll of teleportation
 j - 2 scrolls of amnesia
Potions
 b - 5 potions of brilliance
 c - 2 potions of heal wounds
 d - 3 potions of flight
 k - a potion of invisibility
 m - 3 potions of curing
 q - a potion of ambrosia
 r - 4 potions of lignification
 s - a potion of might
 t - a potion of resistance
 u - 2 potions of haste
 v - a potion of magic


   Skills:
 + Level 5.7 Fighting
 + Level 5.1 Dodging
 + Level 5.1 Stealth
 + Level 2.3 Shields
 + Level 6.1 Unarmed Combat
 + Level 5.1 Spellcasting
 + Level 5.5 Transmutations
 + Level 2.2 Poison Magic
 + Level 4.4 Evocations


You had 12 spell levels left.
You knew the following spells:

 Your Spells              Type           Power      Damage    Failure   Level
a - Beastly Appendage     Tmut           62%        N/A       1%          1
b - Wereblood             Tmut           31%        N/A       1%          2
c - Spider Form           Tmut/Pois      11%        N/A       6%          3

Your spell library contained the following spells:

 Spells                   Type           Power      Damage    Failure   Level
 Poisonous Vapours        Pois/Air       22%        N/A       9%          2
 Mephitic Cloud           Conj/Pois/Air  9%         N/A       21%         3
 Hydra Form               Tmut           15%        N/A       26%         5
 Conjure Flame            Conj/Fire      6%         6-21      28%         3
 Ice Form                 Ice/Tmut       18%        N/A       30%         4
 Freezing Cloud           Conj/Ice/Air   2%         6-21      100%        6


Dungeon Overview and Level Annotations

Branches:
Dungeon (8/15)             Temple (0/1) D:5         Ossuary (visited)
   Lair: D:8-11

Altars:
Ashenzari
Cheibriados
Elyvilon
Fedhas
Gozag
Makhleb
Okawaru
Wu Jian
Xom
Yredelemnul

Annotations:
D:8 Pikel


Innate Abilities, Weirdness & Mutations

You have temporarily grown beastly horns and talons.
You can spit globs of acid.
Your golden yellow scales are hard. (AC +7)
You cannot fit into any form of body armour.
You are cold-blooded and may be slowed by cold attacks.
You are resistant to acid. (rCorr)


Message History

The steam dragon is splashed with acid.
The acid corrodes the steam dragon!
The steam dragon is severely wounded.
The howler monkey howls!
You hit the steam dragon.
You claw the steam dragon, but do no damage.
The steam dragon is almost dead.
You hit the steam dragon.
You kill the steam dragon!
A meliai comes into view. It is wielding a +0 hand axe.
The howler monkey hoots and howls with incredible vigour!
An orc wizard comes into view. It is wielding a +0 dagger.
You hear a croak.
You hear a shout!
You hear a roar!
You hear an angry buzzing noise.
You hear an angry hiss.
You hear a shout! x3
A steam dragon comes into view.
The steam dragon hisses angrily.
You hear a howl!
A howler monkey comes into view.
A bullfrog comes into view.
Found a +0 hand axe of freezing.
Press: ? - help, v - describe, . - travel
Here: a meliai, wielding a +0 hand axe and wearing a +0 robe The floor.
Okay, then.
The meliai hits you with a +0 hand axe! The meliai stings you.
You are poisoned.
The meliai poisons you!
The howler monkey hoots and howls with incredible vigour!
The meliai hits you with a +0 hand axe. The meliai stings you.
You hear a loud, deep croak!
You hear a shout! x2
You hear an angry buzzing noise.
You hear a shout! x2
You feel very sick. The meliai hits you with a +0 hand axe.
The meliai stings you.
You are lethally poisoned!
The meliai poisons you!
* * * LOW HITPOINT WARNING * * *
You feel extremely sick.
The meliai calls down the wrath of its god upon you.
Something smites you!
* * * LOW HITPOINT WARNING * * *
The meliai invokes the aid of its god against you.
Something smites you!
You die...

#. #............# .#
##..#.....(......#.#
#...#........D....#
####...........$....#
##..)................#
#.#..................#
#............h...###..#
#...........y....# .#
#........@......# ###.
#....)..........#####.....
##.<..#.)..........#.......
#...>.).).................#
##.....#.....##########..##
#....##......#c○.$J .#
#....##......#eD○.$
##...#.......#.CR$$u
#..##.......#$.:"[(


You could see a five-headed hydra, a centaur warrior, a cyclops (wandering), a
deep elf pyromancer, an efreet, a steam dragon, a meliai and a howler monkey
(catching breath).

Vanquished Creatures
  4 centaur zombies (D:7)
  Grinder (D:6)
  2 steam dragons
  2 water moccasins
  An orc warrior (D:5)
  5 necrophages
  An ogre (D:5)
  A sky beast (D:6)
  2 black bears
  3 phantoms
  A wyvern zombie (D:7)
  2 bullfrogs (D:7)
  A wyvern skeleton (D:7)
  4 water moccasin zombies (Ossuary)
  A water moccasin skeleton (D:5)
  3 wights (D:7)
  A howler monkey (D:8)
  A bullfrog zombie (D:7)
  4 bullfrog skeletons
  2 human zombies
  A hound (D:5)
  A gnoll shaman (D:6)
  2 iguanas
  3 orc wizards (D:5)
  4 human skeletons (D:5)
  3 mummies
  A howler monkey zombie (D:7)
  8 gnolls
  A howler monkey skeleton (D:5)
  3 adders
  An ufetubus (D:5)
  3 adder zombies (Ossuary)
  A worm (D:2)
  An adder skeleton (D:4)
  4 dart slugs
  22 orcs
  5 ball pythons
  8 bats
  4 endoplasms
  2 giant cockroaches
  2 gnoll zombies (Ossuary)
  9 goblins
  7 hobgoblins
  3 jackals (D:1)
  9 kobolds
  A quokka (D:2)
  8 frilled lizards
  3 hobgoblin zombies (Ossuary)
  7 kobold zombies (Ossuary)
  11 orc zombies
  6 rats
186 creatures vanquished.

Vanquished Creatures (others)
  A scorpion (D:6)
  A bullfrog zombie (D:6)
  3 gnolls (D:6)
  An ufetubus (D:3)
  A ball python (D:3)
  2 quokkas (D:3)
  A kobold (D:3)
  A plant (D:7)
11 creatures vanquished.

Grand Total: 197 creatures vanquished

Notes
Turn   | Place    | Note
-------+----------+-------------------------------------------
     0 | D:1      | st0uf the Draconian Transmuter began the quest for the Orb.
     0 | D:1      | Reached XP level 1. HP: 16/16 MP: 3/3
    28 | D:1      | Found a faded altar of an unknown god.
    36 | D:1      | Became a worshipper of Ashenzari the Shackled
   284 | D:1      | Reached XP level 2. HP: 20/23 MP: 3/5
   707 | D:1      | Reached XP level 3. HP: 29/29 MP: 4/6
  1670 | D:2      | Reached XP level 4. HP: 28/36 MP: 5/7
  2101 | D:3      | Found a shimmering altar of Xom.
  2101 | D:3      | Noticed a phantom
  2202 | D:2      | Killed a phantom
  2203 | D:2      | Reached skill level 1 in Stealth
  2203 | D:2      | Reached XP level 5. HP: 20/42 MP: 6/9
  2611 | D:3      | Found an opulent altar of Gozag.
  3179 | D:4      | Noticed a necrophage
  3198 | D:3      | Learned a level 2 spell: Wereblood
  3297 | D:4      | Found a burning altar of Makhleb.
  3306 | D:4      | Noticed a phantom
  3307 | D:4      | Identified the +4 flail of the Desert {elec, rElec}
  3318 | D:4      | Killed a phantom
  3510 | D:4      | Reached XP level 6. HP: 40/50 MP: 6/10
  3759 | D:4      | Reached skill level 4 in Unarmed Combat
  4142 | D:5      | Entered Level 5 of the Dungeon
  4151 | D:5      | Noticed a water moccasin
  4162 | D:5      | Reached skill level 1 in Evocations
  4187 | D:5      | Killed a water moccasin
  4188 | D:5      | Your scales start taking on a golden yellow colour.
  4188 | D:5      | Reached XP level 7. HP: 47/57 MP: 11/11
  4188 | D:5      | Gained mutation: You are resistant to acid. (rCorr) [Yellow
                  | Draconian growth]
  4319 | D:5      | Found a sand-covered staircase.
  4329 | Ossuary  | Entered an ossuary
  5090 | D:5      | Reached XP level 8. HP: 56/66 MP: 13/13
  5094 | D:5      | Learned a level 3 spell: Spider Form
  5245 | D:5      | Found a staircase to the Ecumenical Temple.
  5265 | D:5      | Found an ornate altar of the Wu Jian Council.
  6194 | D:5      | Reached skill level 5 in Unarmed Combat
  6512 | D:6      | Found an iron altar of Okawaru.
  6691 | D:6      | Noticed Grinder
  6700 | D:6      | Paralysed by Grinder for 6 turns
  6724 | D:6      | Killed Grinder
  7786 | D:6      | Reached skill level 5 in Fighting
  7786 | D:6      | Reached XP level 9. HP: 60/74 MP: 13/15
  7892 | D:6      | Found a white marble altar of Elyvilon.
  8310 | D:7      | Identified the +6 battleaxe of the Reaper {venom, +Blink
                  | rPois}
  8412 | D:7      | Reached skill level 5 in Transmutations
  8605 | D:7      | Reached skill level 1 in Shields
  8605 | D:7      | Reached skill level 1 in Poison Magic
  8702 | D:7      | Found a snail-covered altar of Cheibriados.
  8741 | D:7      | Found a blossoming altar of Fedhas.
  9001 | D:7      | Reached skill level 5 in Dodging
  9001 | D:7      | Reached skill level 5 in Spellcasting
  9002 | D:7      | Found a basalt altar of Yredelemnul.
  9029 | D:7      | Reached skill level 6 in Unarmed Combat
  9040 | D:7      | Reached skill level 5 in Stealth
  9529 | D:8      | Noticed Pikel
  9666 | D:8      | Noticed a deep elf pyromancer
  9667 | D:8      | Noticed a troll
  9668 | D:8      | Identified the +4 mace of the Destroying Augurer {pain,
                  | Will+ Dex+5 Stlth-}
  9668 | D:8      | Noticed a centaur warrior
  9669 | D:8      | Identified Obyunu's Handbook of the Damaging Traveller
  9670 | D:8      | Noticed a centaur warrior
  9670 | D:8      | Noticed a five-headed hydra
  9670 | D:8      | Noticed a cyan ugly thing
  9670 | D:8      | Noticed a cyclops
  9684 | D:8      | Noticed an efreet
  9706 | D:8      | Noticed a meliai
  9711 | D:8      | Killed from afar by a meliai

Illustrated notes

Levels and vault maps discovered:
D:1:      scummos_arrival_star, layout_rooms, hellmonk_ecumenical_altar_zigzags,
          serial_bayou_ford_a, minmay_lizard_pond
D:2:      layout_rooms, chequers_serial_rivers_marsh
D:3:      layout_basic, xom_confusion_cloud, grunt_gozag_breadcrumbs,
          st_stairs_7, minivault_19
D:4:      layout_loops_ring, nicolae_overflow_hidden_temple, serial_glass,
          glass_columns_a, glass_columns_a, glass_columns_a, glass_columns_c,
          glass_columns_a, glass_columns_c, glass_columns_c, glass_columns_a,
          glass_columns_b, glass_columns_a, item_on_display_a,
          due_unseen_surprise
D:5:      black_bear_nest_1, layout_basic, old_standard_altar,
          minmay_temple_entry_mist, nicolae_ossuary_entry_catacombs
D:6:      layout_basic, okawaru_gym_becter, elyvilon_altar_3,
          lemuel_flamethrower_2, uniq_grinder
D:7:      layout_cave_pools, fedhas_ov_isle_minmay,
          lemuel_mausoleum_altar_yredelemnul, old_standard_altar,
          serial_column_ruins, column_ruins_square_medium,
          column_ruins_corridor_straight, column_ruins_grid_3,
          column_ruins_open_tiny, column_ruins_open_tiny
D:8:      minmay_the_grid_octo_triangle [minmay_the_grid_octo_toaster,
          minmay_the_grid_octo_prize_ultimate_mussel_roller,
          minmay_the_grid_octo_fat_diamond], layout_cave_pools,
          jmf_multi_god_temple, lair_entry_dummy, minivault_12, uniq_pikel

Skill      XL: |  1  2  3  4  5  6  7  8  9 |
---------------+----------------------------+-----
Dodging        | 2 3 4 5 |  5.1
Fighting       | 2 3 4 5 |  5.7
Stealth        | 1 2 3 4 5 |  5.1
Transmutations | 3 4 5 |  5.5
Unarmed Combat | 4 5 6 |  6.1
Spellcasting   | 3 4 5 |  5.1
Evocations     | 1 2 3 4 |  4.4
Shields        | 2 |  2.3
Poison Magic   | 2 |  2.2

Action                   |  1- 3 |  4- 6 |  7- 9 || total
-------------------------+-------+-------+-------++-------
Melee: Unarmed           |   131 |   132 |   469 ||   732
       Kick              |    20 |    36 |   112 ||   168
       Headbutt          |     9 |    17 |    64 ||    90
       Punch             |     2 |     3 |     7 ||    12
       Tailslap          |    10 |    13 |    59 ||    82
Throw: Dart              |       |     6 |    20 ||    26
 Cast: Beastly Appendage |    27 |    22 |    48 ||    97
       Wereblood         |       |     1 |     1 ||     2
       Spider Form       |       |       |     6 ||     6
Invok: Curse Item        |       |       |     1 ||     1
 Abil: Breathe Acid      |       |       |    17 ||    17
  Use: Potion            |       |     3 |     1 ||     4
       Scroll            |       |       |     2 ||     2
 Stab: Sleeping          |       |     3 |    11 ||    14
Armor: Skin              |    63 |    23 |   137 ||   223
Dodge: Dodged            |   113 |    63 |   241 ||   417

Table legend: (Time is in decaauts)
 A = Elapsed time spent in this place.
 B = Non-inter-level travel time spent in this place.
 C = Inter-level travel time spent in this place.
 D = Time resting spent in this place.
 E = Time spent auto-exploring this place.
 F = Levels seen in this place.
 G = Mean time per level.
                   A        B        C        D        E       F      G
               +--------+--------+--------+--------+--------+-----+--------+
         Total |   9670 |   9294 |    376 |   1137 |   5493 |   9 | 1074.4 |
       Dungeon |   9185 |   8809 |    376 |    885 |   5493 |   8 | 1148.1 |
       Ossuary |    484 |    484 |      0 |    252 |      0 |   1 |  484.0 |
               +--------+--------+--------+--------+--------+-----+--------+

Top non-repeatable levels by time:
     D:5: 2063 daAuts
     D:6: 1508 daAuts
     D:7: 1387 daAuts
     D:2: 1259 daAuts
     D:1: 1036 daAuts
     D:4: 999 daAuts
     D:3: 844 daAuts
 Ossuary: 484 daAuts
     D:8: 86 daAuts
